PR
SURPRISE SHOCKERS @ FORT KNOX CENTENNIAL
05/10/2032
 
TOP OF THE 1ST
Surprise Shockers batting - Pitching for Fort Knox Centennial : RHP Diego Cartaya
Pitching: RHP Diego Cartaya
Batting: RHB Yo Tu 0-0: Ball
1-0: Ground out 1-3 (Groundball, 15S)
Batting: RHB Esteban León 0-0: Ball
1-0: Called Strike
1-1: Ball
2-1: Swinging Strike
2-2: Foul Ball, location: 2F
2-2: Foul Ball, location: 2F
2-2: Strikes out swinging
Batting: RHB George Mota 0-0: Called Strike
0-1: Fly out, F6 (Line Drive, 6)
Top of the 1st over - 0 runs, 0 hits, 0 errors, 0 left on base; Surprise 0 - Fort Knox 0
BOTTOM OF THE 1ST
Fort Knox Centennial batting - Pitching for Surprise Shockers : RHP Vítor Paiva
Pitching: RHP Vítor Paiva
Batting: RHB Loring Rommel 0-0: Called Strike
0-1: Ball
1-1: DOUBLE (Line Drive, 89D)
Batting: SHB Jason Graham 0-0: Swinging Strike
0-1: Ground out 4-3 (Groundball, 4)
Loring Rommel to third
Batting: RHB Dejmi Dumervil 0-0: Ground out 6-3 (Groundball, 6)
Loring Rommel scores
Batting: RHB Carlos Muńóz 0-0: Ball
1-0: Foul Ball, location: 2F
1-1: Ball
2-1: SINGLE (Line Drive, 7LS)
Batting: RHB Maxence Sultanbekov 0-0: Ball
1-0: Ground out 3-1 (Groundball, 34S)
Bottom of the 1st over - 1 run, 2 hits, 0 errors, 1 left on base; Surprise 0 - Fort Knox 1
TOP OF THE 2ND
Surprise Shockers batting - Pitching for Fort Knox Centennial : RHP Diego Cartaya
Batting: LHB Frans Boone 0-0: Ball
1-0: DOUBLE (Line Drive, 89D)
Batting: RHB António Amaya 0-0: Called Strike
0-1: Called Strike
0-2: Strikes out swinging
Batting: LHB Lao Tian 0-0: Ball
1-0: Swinging Strike
1-1: Fly out, F8 (Flyball, 89D)
Runner from 2nd tags up, SAFE at 3rd, no throw
Batting: RHB Juan Ibarra 0-0: Foul Ball, location: 2F
0-1: Swinging Strike
0-2: Strikes out swinging
Top of the 2nd over - 0 runs, 1 hit, 0 errors, 1 left on base; Surprise 0 - Fort Knox 1
BOTTOM OF THE 2ND
Fort Knox Centennial batting - Pitching for Surprise Shockers : RHP Vítor Paiva
Batting: RHB Terry John 0-0: Ball
1-0: Ground out U3 (Groundball, 34)
Batting: RHB Desiderio Baroncelli 0-0: Ball
1-0: Ball
2-0: Ball
3-0: Called Strike
3-1: Foul Ball, location: 2F
3-2: SINGLE (Groundball, 4MD)
Batting: RHB Manuel Sy 0-0: Ball
1-0: Ball
2-0: Foul Ball, location: 2F
2-1: Called Strike
2-2: Fly out, F9 (Flyball, 9S)
Now in RF: Luis Garza
Batting: LHB Tomislav Jovovich 0-0: Ball
1-0: Fly out, F7 (Flyball, 78M)
Bottom of the 2nd over - 0 runs, 1 hit, 0 errors, 1 left on base; Surprise 0 - Fort Knox 1
TOP OF THE 3RD
Surprise Shockers batting - Pitching for Fort Knox Centennial : RHP Diego Cartaya
Batting: RHB Quinn Lynch 0-0: Ground out 5-3 (Groundball, 5)
Batting: RHB Charles Titmus 0-0: Called Strike
0-1: Ball
1-1: Ball
2-1: Ball
3-1: Fly out, F7 (Flyball, 78S)
Batting: RHB Yo Tu 0-0: Swinging Strike
0-1: Called Strike
0-2: Ball
1-2: Foul Ball, location: 2F
1-2: Foul Ball, location: 2F
1-2: SINGLE (Flyball, 78S)
Batting: RHB Esteban León 0-0: Ball
1-0: Swinging Strike
1-1: Foul Ball, location: 2F
1-2: Ball
2-2: Strikes out swinging
Top of the 3rd over - 0 runs, 1 hit, 0 errors, 1 left on base; Surprise 0 - Fort Knox 1
BOTTOM OF THE 3RD
Fort Knox Centennial batting - Pitching for Surprise Shockers : RHP Vítor Paiva
Batting: RHB Loring Rommel 0-0: Ball
1-0: Called Strike
1-1: Bunted foul
1-2: Ball
2-2: Fly out, F4 (Line Drive, 4MD)
Batting: SHB Jason Graham 0-0: Called Strike
0-1: Ball
1-1: Swinging Strike
1-2: Strikes out swinging
Batting: RHB Dejmi Dumervil 0-0: SINGLE (Line Drive, 8LM)
Batting: RHB Carlos Muńóz 0-0: Foul Ball, location: 2F
0-1: Called Strike
0-2: Fielders Choice at 2nd, 6-4 (Groundball, 6)
Bottom of the 3rd over - 0 runs, 1 hit, 0 errors, 1 left on base; Surprise 0 - Fort Knox 1
TOP OF THE 4TH
Surprise Shockers batting - Pitching for Fort Knox Centennial : RHP Diego Cartaya
Batting: RHB George Mota 0-0: Called Strike
0-1: Ball
1-1: Ball
2-1: Fly out, F5 (Popup, 5SF)
Batting: LHB Frans Boone 0-0: Called Strike
0-1: Foul Ball, location: 2F
0-2: Strikes out looking
Batting: LHB Luis Garza 0-0: Ball
1-0: Ball
2-0: Ball
3-0: Called Strike
3-1: Fly out, F6 (Line Drive, 6MD)
Top of the 4th over - 0 runs, 0 hits, 0 errors, 0 left on base; Surprise 0 - Fort Knox 1
BOTTOM OF THE 4TH
Fort Knox Centennial batting - Pitching for Surprise Shockers : RHP Vítor Paiva
Batting: RHB Maxence Sultanbekov 0-0: Ground out 6-3 (Groundball, 56)
Batting: RHB Terry John 0-0: Ball
1-0: Fly out, F4 (Line Drive, 4)
Batting: RHB Desiderio Baroncelli 0-0: Ball
1-0: SINGLE (Flyball, 9LS)
Batting: RHB Manuel Sy 0-0: Called Strike
0-1: Ball
1-1: Ball
2-1: Called Strike
2-2: Fly out, F9 (Flyball, 9S)
Bottom of the 4th over - 0 runs, 1 hit, 0 errors, 1 left on base; Surprise 0 - Fort Knox 1
TOP OF THE 5TH
Surprise Shockers batting - Pitching for Fort Knox Centennial : RHP Diego Cartaya
Batting: LHB Lao Tian 0-0: Ball
1-0: Fly out, F6 (Popup, P)
Batting: RHB Juan Ibarra 0-0: Called Strike
0-1: Called Strike
0-2: DOUBLE (Line Drive, 7D)
Batting: RHB Quinn Lynch 0-0: Ball
1-0: Fly out, F3 (Popup, 23F)
Batting: RHB Charles Titmus 0-0: Ball
1-0: Ground out U3 (Groundball, 3S)
Top of the 5th over - 0 runs, 1 hit, 0 errors, 1 left on base; Surprise 0 - Fort Knox 1
BOTTOM OF THE 5TH
Fort Knox Centennial batting - Pitching for Surprise Shockers : RHP Vítor Paiva
Batting: LHB Tomislav Jovovich 0-0: Ground out 4-3 (Groundball, 4S)
Batting: RHB Loring Rommel 0-0: Foul Ball, location: 2F
0-1: Ball
1-1: Swinging Strike
1-2: Fly out, F3 (Popup, 23F)
Batting: SHB Jason Graham 0-0: Ball
1-0: Foul Ball, location: 2F
1-1: Foul Ball, location: 2F
1-2: Ground out U3 (Groundball, 3)
Bottom of the 5th over - 0 runs, 0 hits, 0 errors, 0 left on base; Surprise 0 - Fort Knox 1
TOP OF THE 6TH
Surprise Shockers batting - Pitching for Fort Knox Centennial : RHP Diego Cartaya
Batting: RHB Yo Tu 0-0: Fly out, F9 (Flyball, 9LM)
Batting: RHB Esteban León 0-0: Called Strike
0-1: Ground out 4-3 (Groundball, 4)
Batting: RHB George Mota 0-0: Ball
1-0: Ball
2-0: Ball
3-0: Called Strike
3-1: Called Strike
3-2: SINGLE (Groundball, 4MS) (infield hit)
Batting: LHB Frans Boone 0-0: Ball
1-0: Ball
2-0: Called Strike
2-1: Foul Ball, location: 2F
2-2: Foul Ball, location: 2F
2-2: Foul Ball, location: 2F
2-2: Ball
3-2: Ground out 1-3 (Groundball, 25)
Top of the 6th over - 0 runs, 1 hit, 0 errors, 1 left on base; Surprise 0 - Fort Knox 1
BOTTOM OF THE 6TH
Fort Knox Centennial batting - Pitching for Surprise Shockers : RHP Vítor Paiva
Batting: RHB Dejmi Dumervil 0-0: Ball
1-0: Fly out, F8 (Flyball, 8RS)
Batting: RHB Carlos Muńóz 0-0: Fly out, F7 (Flyball, 7LS)
Batting: RHB Maxence Sultanbekov 0-0: DOUBLE (Line Drive, 9LM)
Batting: RHB Terry John 0-0: Called Strike
0-1: TRIPLE (Flyball, 8RXD)
Maxence Sultanbekov scores
Batting: RHB Desiderio Baroncelli 0-0: Ball
1-0: Swinging Strike
1-1: SINGLE (Line Drive, 89S)
Terry John scores
Batting: RHB Manuel Sy 0-0: Called Strike
Desiderio Baroncelli is caught stealing 2nd base
Bottom of the 6th over - 2 runs, 3 hits, 0 errors, 0 left on base; Surprise 0 - Fort Knox 3
TOP OF THE 7TH
Surprise Shockers batting - Pitching for Fort Knox Centennial : RHP Diego Cartaya
Batting: LHB Luis Garza 0-0: Ball
1-0: Ball
2-0: Called Strike
2-1: Ground out U3 (Groundball, 3L)
Batting: LHB Lao Tian 0-0: SINGLE (Groundball, 56S) (infield hit)
Batting: RHB Juan Ibarra 0-0: Fly out, F9 (Flyball, 9S)
Batting: RHB Quinn Lynch 0-0: Swinging Strike
0-1: Foul Ball, location: 2F
0-2: Strikes out looking
Top of the 7th over - 0 runs, 1 hit, 0 errors, 1 left on base; Surprise 0 - Fort Knox 3
BOTTOM OF THE 7TH
Fort Knox Centennial batting - Pitching for Surprise Shockers : RHP Vítor Paiva
Batting: RHB Manuel Sy 0-0: Foul Ball, location: 2F
0-1: Ball
1-1: Foul Ball, location: 2F
1-2: Fly out, F5 (Line Drive, 5)
Batting: LHB Tomislav Jovovich 0-0: Swinging Strike
0-1: Ball
1-1: Fly out, F7 (Flyball, 7)
Batting: RHB Loring Rommel 0-0: SINGLE (Groundball, 34D)
Batting: SHB Jason Graham 0-0: Called Strike
0-1: Ball
1-1: Swinging Strike
1-2: Strikes out swinging
Bottom of the 7th over - 0 runs, 1 hit, 0 errors, 1 left on base; Surprise 0 - Fort Knox 3
TOP OF THE 8TH
Surprise Shockers batting - Pitching for Fort Knox Centennial : RHP Diego Cartaya
Now at C: Les Lagendijk
Now at 2B: Sergio Chávez
Batting: RHB Charles Titmus 0-0: Ball
1-0: Foul Ball, location: 2F
1-1: Ground out 1-3 (Groundball, 13)
Batting: RHB Yo Tu 0-0: Ball
1-0: Foul Ball, location: 2F
1-1: Swinging Strike
1-2: Ball
2-2: Ball
3-2: Base on Balls
Batting: RHB Esteban León 0-0: Called Strike
0-1: Called Strike
0-2: Ball
1-2: Foul Ball, location: 2F
1-2: Foul Ball, location: 2F
1-2: Strikes out looking
Batting: RHB George Mota 0-0: Ball
1-0: Foul Ball, location: 2F
1-1: Fielders Choice at 2nd, 6-4 (Groundball, 56)
Top of the 8th over - 0 runs, 0 hits, 0 errors, 1 left on base; Surprise 0 - Fort Knox 3
BOTTOM OF THE 8TH
Fort Knox Centennial batting - Pitching for Surprise Shockers : RHP Vítor Paiva
Batting: RHB Sergio Chávez 0-0: Ball
1-0: Fly out, F3 (Popup, 3SF)
Batting: RHB Carlos Muńóz 0-0: Ball
1-0: Foul Ball, location: 2F
1-1: Foul Ball, location: 2F
1-2: Ball
2-2: Ground out 5-3 (Groundball, 56)
Batting: RHB Maxence Sultanbekov 0-0: Ground out 6-3 (Groundball, 6M)
Bottom of the 8th over - 0 runs, 0 hits, 0 errors, 0 left on base; Surprise 0 - Fort Knox 3
TOP OF THE 9TH
Surprise Shockers batting - Pitching for Fort Knox Centennial : RHP Diego Cartaya
Batting: LHB Frans Boone 0-0: Ball
1-0: Foul Ball, location: 2F
1-1: Swinging Strike
1-2: Ground out 6-3 (Groundball, 6)
Batting: LHB Luis Garza 0-0: Ball
1-0: Ground out 4-3 (Groundball, 4)
Batting: LHB Lao Tian 0-0: Called Strike
0-1: Foul Ball, location: 2F
0-2: Foul Ball, location: 2F
0-2: Ball
1-2: Strikes out swinging
Top of the 9th over - 0 runs, 0 hits, 0 errors, 0 left on base; Surprise 0 - Fort Knox 3
Wednesday, September 19th, 2018 - OOTP Baseball 18.8 Build 76